 Dungeon Crawl Stone Soup version 0.29.1-15-g9cfb28693d (webtiles) character file.

Game seed: 10682524016625462452

10 Anriel the Slasher (level 2, 0/25 HPs)
             Began as a Minotaur Gladiator on Mar 10, 2023.
             Slain by a gnoll
             ... wielding a +0 whip
              (1 damage)
             ... on level 1 of the Dungeon.
             The game lasted 00:01:54 (359 turns).

Anriel the Slasher (Minotaur Gladiator)              Turns: 359, Time: 00:01:54

Health: 0/25       AC:  1    Str: 15 (18) XL:     2   Next: 10%
Magic:  1/1        EV: 12    Int:  1 (3)  God:
Gold:   28         SH:  0    Dex:  8 (11) Spells: 1/1 levels left

rFire   . . .      SeeInvis .   a - +0 long sword
rCold   . . .      Faith    .   (no shield)
rNeg    . . .      Spirit   .   b - +0 leather armour
rPois   .          Reflect  .   c - +0 hat
rElec   .          Harm     .   (no cloak)
rCorr   .          Rampage  .   (no gloves)
Will    .....                   (no boots)
Stlth   +.........              (no amulet)
HPRegen 0.08/turn               (no ring)
MPRegen 0.07/turn               (no ring)

@: no status effects
A: horns 2, retaliatory headbutt, deformed body, dopey 1
a: no special abilities


You were on level 1 of the Dungeon.
You visited 1 branch of the dungeon, and saw 1 of its levels.

You collected 28 gold pieces.

Inventory:

Hand Weapons
 a - a +0 long sword (weapon)
Missiles
 d - 3 throwing nets (quivered)
 e - a javelin
Armour
 b - a +0 leather armour (worn)
 c - a +0 hat (worn)
Scrolls
 f - 3 scrolls of identify


   Skills:
 + Level 2.6 Fighting
 * Level 4.0 Long Blades
 - Level 2.0 Throwing
 * Level 1.2 Armour
 - Level 3.2 Dodging


You had one spell level left.
You didn't know any spells.
Your spell library was empty.

Dungeon Overview and Level Annotations

Branches:
Dungeon (1/15)

Altars:


Innate Abilities, Weirdness & Mutations

You have a pair of horns on your head.
You reflexively headbutt those who attack you in melee.
Armour fits poorly on your strangely shaped body.
You are dopey. (Int -2)


Message History

Your Long Blades skill increases to level 4!
You closely miss the rat. The rat bites you.
You slash the rat!
You kill the rat!
The goblin shouts!
You hit the gnoll but do no damage. The gnoll hits you with a +0 whip.
You hit the gnoll.
The gnoll is lightly wounded.
The gnoll hits you with a +0 whip.
You hit the gnoll. Your headbutt misses the gnoll.
The gnoll is moderately wounded.
The gnoll hits you with a +0 whip. x2
* * * LOW HITPOINT WARNING * * *
Okay, then.
Okay, then.
Okay, then.
It was a potion of mutation.
You feel extremely strange.
You feel stupid.
Your body twists and deforms.
The gnoll barely misses you.
It was a potion of degeneration.
There was something very wrong with that liquid.
You feel weakened.
You feel dopey.
You feel clumsy. The gnoll hits you but does no damage.
As you read the scroll labelled UVVIWK BALELE, it crumbles to dust.
It is a scroll of identify.
You don't have any unidentified items.
The gnoll barely misses you. You furiously retaliate!
You headbutt the gnoll, but do no damage.
The gnoll attacks as you move away! The gnoll closely misses you.
You see here a frilled lizard corpse.
The gnoll attacks as you move away! The gnoll closely misses you.
You closely miss the gnoll. You headbutt the gnoll.
Your punch misses the gnoll.
The gnoll is severely wounded.
The gnoll hits you with a +0 whip.
* * * LOW HITPOINT WARNING * * *
You closely miss the gnoll. You headbutt the gnoll.
The gnoll is almost dead.
The gnoll hits you with a +0 whip.
You die...

#.......# ##.#
#.#### #.# ##
###....K.###..#
#....###.###.
.........##..##
###..##...##.
#...###.##
#..#.....#.
###.)...#
##.........
####..####
###.######
##g†.g# #.#
####g# ####.#
#@######....#
#..##....####
##.......#
###.....#
##....# #....#
#....#########
#.............
#..#.#......##


You could see a gnoll and a hobgoblin.

Vanquished Creatures
  A dart slug (D:1)
  2 endoplasms (D:1)
  A goblin (D:1)
  A frilled lizard (D:1)
  2 kobolds (D:1)
  2 rats (D:1)
9 creatures vanquished.

Notes
Turn   | Place    | Note
-------+----------+-------------------------------------------
     0 | D:1      | Anriel the Minotaur Gladiator began the quest for the Orb.
     0 | D:1      | Reached XP level 1. HP: 18/18 MP: 0/0
   264 | D:1      | Reached skill level 1 in Armour
   275 | D:1      | Reached XP level 2. HP: 24/25 MP: 1/1
   344 | D:1      | Reached skill level 4 in Long Blades
   350 | D:1      | Gained mutation: You are dopey. (Int -2) [potion of
                  | mutation]
   350 | D:1      | Gained mutation: Armour fits poorly on your strangely
                  | shaped body. [potion of mutation]
   358 | D:1      | HP: 1/25 [gnoll/+0 whip (4)]
   359 | D:1      | Slain by a gnoll

Illustrated notes

Levels and vault maps discovered:
D:1:      roderic_crossed_star, layout_basic,
          shapermc_ecumenical_altar_hornbeckon, st_stairs_7, minmay_quantized

Skill      XL: |  1  2 |
---------------+-------+-----
Armour         | 1 |  1.2
Long Blades    | 4 |  4.0
Fighting       | |  2.6
Throwing       | |  2.0
Dodging        | |  3.2

Action                   || total
-------------------------++-------
Melee: Long sword        ||    26
       Headbutt          ||     4
  Use: Potion            ||     2
       Scroll            ||     1
 Stab: Sleeping          ||     1
Armor: Leather armour    ||     3
Dodge: Dodged            ||    11
